 Dungeon Crawl Stone Soup version 0.26-a0-611-g354ed81502 (webtiles) character file.

Game seed: 6127467390491220137

21 Peloso the Covered (level 2, 27/27 HPs)
             Began as a Minotaur Fighter on Sept 5, 2020.
             Got out of the dungeon alive.
             The game lasted 00:00:58 (727 turns).

Peloso the Covered (Minotaur Fighter)                Turns: 727, Time: 00:00:59

Health: 27/27      AC:  5    Str: 20    XL:     2   Next: 62%
Magic:  1/1        EV:  7    Int:  5    God:
Gold:   55         SH:  9    Dex:  9    Spells: 1/1 levels left

rFire    . . .     SeeInvis .   a - +0 long sword
rCold    . . .     Faith    .   c - +0 kite shield
rNeg     . . .     Spirit   .   b - +0 scale mail
rPois    .         Reflect  .   (helmet restricted)
rElec    .         Harm     .   (no cloak)
rCorr    .                      f - +0 pair of gloves
MR       .....                  (no boots)
Stlth    ..........             (no amulet)
HPRegen  0.09/turn              (no ring)
MPRegen  0.07/turn              (no ring)

@: hasted (expiring), very quick
A: retaliatory headbutt, horns 2, deformed body, screaming 1
a: no special abilities


You escaped.
You visited 1 branch of the dungeon, and saw 1 of its levels.

You collected 55 gold pieces.

Inventory:

Hand Weapons
 a - a +0 long sword (weapon)
Missiles
 g - 53 bolts
Armour
 b - a +0 scale mail (worn)
 c - a +0 kite shield (worn)
 f - a +0 pair of gloves (worn)
Jewellery
 h - an uncursed ring of protection from magic {unknown}
Scrolls
 i - a scroll of noise {unknown}
 j - 3 scrolls of teleportation {unknown}
 k - a scroll of identify {unknown}
 m - a scroll of remove curse {unknown}
Potions
 d - a potion of might
 e - a potion of haste


   Skills:
 + Level 4.0 Fighting
 + Level 2.5 Long Blades
 + Level 4.1 Armour
 + Level 4.0 Shields


You had one spell level left.
You didn't know any spells.
Your spell library was empty.

Dungeon Overview and Level Annotations

Branches:
Dungeon (1/15)

Altars:


Innate Abilities, Weirdness & Mutations

You reflexively headbutt those who attack you in melee.
You have a pair of horns on your head.
Armour fits poorly on your strangely shaped body.
You occasionally shout uncontrollably at your foes.


Message History

m - a scroll labeled GUMEIX BIS GIC
Found 13 poisoned darts.
You now have 55 gold pieces (gained 1).
g - 53 bolts (gained 17) Done exploring.
Done exploring.
Done exploring.
It was a potion of haste.
You feel yourself speed up.
It was a potion of mutation.
You feel extremely strange.
Your body twists and deforms.
You feel the urge to shout.
You feel a little pissed off.
You feel a little more calm.
Okay, then.
(D) Dungeon
Where to? (? - help)
What level of the Dungeon? (default 1, ? - help)
Your extra speed is starting to run out.
There is an open door here.
There is a staircase leading out of the dungeon here.
Are you sure you want to leave the Dungeon?
This will make you lose the game!
You have escaped!

### ###8♣♣ #.'.@♣
#.#8♣♣
#############.###
..............#
###.###########
#.# #.# #.# #.#


There were no monsters in sight!

Vanquished Creatures
  An ooze (D:1)
  A dart slug (D:1)
  A giant cockroach (D:1)
  3 goblins (D:1)
  A hobgoblin (D:1)
  4 jackals (D:1)
  2 rats (D:1)
13 creatures vanquished.

Notes
Turn   | Place    | Note
-------+----------+-------------------------------------------
     0 | D:1      | Peloso the Minotaur Fighter began the quest for the Orb.
     0 | D:1      | Reached XP level 1. HP: 19/19 MP: 0/0
   143 | D:1      | Reached XP level 2. HP: 27/27 MP: 1/1
   671 | D:1      | Gained mutation: Armour fits poorly on your strangely
                  | shaped body. [potion of mutation]
   671 | D:1      | Gained mutation: You occasionally shout uncontrollably at
                  | your foes. [potion of mutation]
   671 | D:1      | Gained mutation: You tend to lose your temper in combat.
                  | [potion of mutation]
   671 | D:1      | Lost mutation: You tend to lose your temper in combat.
                  | [potion of mutation]
   727 | D:$      | Got out of the dungeon alive.

Illustrated notes

Levels and vault maps discovered:
D:1:      saegor_arrival_simple_b, layout_loops_ring

Skill      XL: |  1  2 |
---------------+-------+-----
Armour         | 4 |  4.1
Fighting       | 4 |  4.0
Shields        | 4 |  4.0
Long Blades    | |  2.5

Action                   || total
-------------------------++-------
Melee: Long sword        ||    29
       Headbutt          ||     7
  Use: Potion            ||     2
Armor: Scale mail        ||    26
Dodge: Dodged            ||     8
Block: Kite shield       ||    28
       Rpst.: Long sword ||     1

Table legend: (Time is in decaauts)
 A = Elapsed time spent in this place.
 B = Non-inter-level travel time spent in this place.
 C = Inter-level travel time spent in this place.
 D = Time resting spent in this place.
 E = Time spent auto-exploring this place.
 F = Levels seen in this place.
 G = Mean time per level.
                   A        B        C        D        E       F      G
               +--------+--------+--------+--------+--------+-----+--------+
         Total |    719 |    683 |     36 |      0 |    586 |   1 |  719.0 |
       Dungeon |    719 |    683 |     36 |      0 |    586 |   1 |  719.0 |
               +--------+--------+--------+--------+--------+-----+--------+

Top non-repeatable levels by time:
     D:1: 719 daAuts
